 Dungeon Crawl Stone Soup version 0.29-a0-822-ga620ab95ad (webtiles) character file.

Game seed: 15421279715826462323

56 British0li the Slasher (level 3, 28/28 HPs)
             Began as a Demonspawn Gladiator on July 8, 2022.
             Was an Initiate of Ashenzari.
             Got out of the dungeon alive.
             The game lasted 00:01:32 (1166 turns).

British0li the Slasher (Demonspawn Gladiator)       Turns: 1166, Time: 00:01:32

Health: 28/28      AC:  4    Str: 16    XL:     3   Next: 69%
Magic:  3/3        EV: 12    Int:  9    God:    Ashenzari [......]
Gold:   114        SH:  4    Dex: 14    Spells: 2/2 levels left

rFire   . . .      SeeInvis .   a - +0 long sword
rCold   . . .      Faith    .   (no shield)
rNeg    . . .      Spirit   .   b - +0 leather armour
rPois   .          Reflect  .   c - +0 helmet
rElec   .          Harm     .   (no cloak)
rCorr   .          Rampage  .   (no gloves)
Will    .....                   (no boots)
Stlth   +.........              (no amulet)
HPRegen 0.09/turn               (no ring)
MPRegen 0.08/turn               (no ring)

@: no status effects
A: condensation shield
a: Renounce Religion, Curse Item


You escaped.
You worshipped Ashenzari.
Ashenzari was noncommittal.
You visited 1 branch of the dungeon, and saw 1 of its levels.

You collected 114 gold pieces.

Inventory:

Hand Weapons
 a - a +0 long sword (weapon)
Missiles
 d - 3 throwing nets (quivered)
 e - a javelin
Armour
 b - a +0 leather armour (worn)
 c - a +0 helmet (worn)
Scrolls
 f - a scroll of blinking {unknown}
 j - a scroll of identify {unknown}
Potions
 g - 2 potions of curing {unknown}
 h - a potion of attraction {unknown}
 i - 2 potions of haste {unknown}


   Skills:
 * Level 2.7 Fighting
 * Level 3.2 Long Blades
 - Level 2.1 Throwing
 + Level 0.3 Armour
 + Level 3.1 Dodging


You had 2 spell levels left.
You didn't know any spells.
Your spell library was empty.

Dungeon Overview and Level Annotations

Branches:
Dungeon (1/15)

Altars:
Ashenzari

Shops:
D:1 :


Innate Abilities, Weirdness & Mutations

A meltable shield of frost defends you. (SH +4)


Message History

You slash the hobgoblin!
You kill the hobgoblin!
You block the bat's attack.
A bat is nearby!
A bat is nearby!
A bat is nearby!
You slash the bat!
You kill the bat!
You see here a bat corpse.
You see here a bat corpse.
You now have 96 gold pieces (gained 13).
j - a scroll labelled EZUUNOSATIXT Key pressed, stopping explore.
No target in view!
You now have 114 gold pieces (gained 18).
Done exploring.
No target in view!
Done exploring.
No target in view!
Done exploring.
No target in view!
Done exploring.
Done exploring.
No target in view!
No target in view!
Done exploring.
There is an abandoned shop here.
This shop appears to be closed.
There is a faded altar of an unknown god here.
You cannot tell which god this altar belongs to.
Convert to them anyway?
Ashenzari accepts your prayer! Ashenzari welcomes you!
Ashenzari warns you of distant threats and treasures.
Ashenzari reveals the structure of the dungeon to you.
Ashenzari shows you where magical portals lie.
Ashenzari invites you to partake of a vision and a curse of fortitude and evocations.
Items here: ( ))).
You open the door.
There is an open door here.
There is a staircase leading out of the dungeon here.
Are you sure you want to leave the Dungeon?
This will make you lose the game!
You have escaped!

#........# #...# #####..
#........# ###...### #......
#........# #.......# #.#####
.........#######.......####.#
....).......#.............#.#
.........##.'......⌠......'.#
.........####.............###
............####.......####
..#########.# #@......# ..#
#.# ###...### ..# #.# #...#
..# #.# #...# ..#
#.#######+## ..# #.........#
..# ########### ###


There were no monsters in sight!

Vanquished Creatures
  A gnoll (D:1)
  A dart slug (D:1)
  4 endoplasms (D:1)
  2 goblins (D:1)
  A hobgoblin (D:1)
  10 jackals (D:1)
  6 kobolds (D:1)
  2 quokkas (D:1)
  2 ball pythons (D:1)
  5 bats (D:1)
  A frilled lizard (D:1)
  2 rats (D:1)
37 creatures vanquished.

Notes
Turn   | Place    | Note
-------+----------+-------------------------------------------
     0 | D:1      | British0li the Demonspawn Gladiator began the quest for the
                  | Orb.
     0 | D:1      | Reached XP level 1. HP: 16/16 MP: 1/1
   311 | D:1      | Found a faded altar of an unknown god.
   314 | D:1      | Gained mutation: A meltable shield of frost defends you.
                  | (SH +4) [demonic ancestry]
   314 | D:1      | Reached XP level 2. HP: 22/22 MP: 2/2
   543 | D:1      | Found Nobarat's Book Emporium.
   596 | D:1      | Reached XP level 3. HP: 7/28 MP: 3/3
  1120 | D:1      | Prayed at the altar of an unknown god.
  1120 | D:1      | Became a worshipper of Ashenzari the Shackled
  1166 | D:$      | Got out of the dungeon alive.

Illustrated notes

Levels and vault maps discovered:
D:1:      minmay_arrival_cross, layout_basic,
          ebering_ecumenical_altar_abandoned, serial_shops, shop

Skill      XL: |  1  2 |
---------------+-------+-----
Throwing       | 2 |  2.1
Long Blades    | 3 |  3.2
Dodging        | 3 |  3.1
Fighting       | |  2.7
Armour         | |  0.3

Action                   || total
-------------------------++-------
Melee: Long sword        ||    98
 Stab: Sleeping          ||     1
Armor: Leather armour    ||    51
Dodge: Dodged            ||    91
Block: Other             ||    29

Table legend: (Time is in decaauts)
 A = Elapsed time spent in this place.
 B = Non-inter-level travel time spent in this place.
 C = Inter-level travel time spent in this place.
 D = Time resting spent in this place.
 E = Time spent auto-exploring this place.
 F = Levels seen in this place.
 G = Mean time per level.
                   A        B        C        D        E       F      G
               +--------+--------+--------+--------+--------+-----+--------+
         Total |   1190 |   1100 |     90 |      0 |    887 |   1 | 1190.0 |
       Dungeon |   1190 |   1100 |     90 |      0 |    887 |   1 | 1190.0 |
               +--------+--------+--------+--------+--------+-----+--------+

Top non-repeatable levels by time:
     D:1: 1190 daAuts
